 Dungeon Crawl Stone Soup version 0.22-b1-21-g5cfc168 (webtiles) character file.

344 tyranidshit the Skirmisher (level 6, -4/52 HPs)
             Began as a Demonspawn Abyssal Knight on Aug 5, 2018.
             Was a Priest of Lugonu.
             Slain by a gnoll
             ... wielding a +0 halberd
              (6 damage)
             ... on level 4 of the Dungeon.
             The game lasted 00:07:12 (3095 turns).

tyranidshit the Skirmisher (DsAK)                   Turns: 3095, Time: 00:07:13

Health: -4/52      AC: 10    Str: 14    XL:     6   Next: 31%
Magic:  0/7        EV:  6    Int: 13    God:    Lugonu [***...]
Gold:   229        SH:  6    Dex: 13    Spells: 5/5 levels left

rFire    . . .     SeeInvis .   a - +1 hand axe
rCold    . . .     Gourm    .   (no shield)
rNeg     . . .     Faith    .   d - +1 chain mail {MR+}
rPois    .         Spirit   +   (no helmet)
rElec    .         Reflect  .   (no cloak)
rCorr    .         Harm     .   (no gloves)
MR       +....                  (no boots)
Stlth    ..........             e - amulet of guardian spirit
HPRegen  0.17/turn              (no ring)
MPRegen  0.10/turn              (no ring)

@: no status effects
A: talons 1, large bone plates 2, demonic guardian 1
a: Depart the Abyss, Bend Space, Banish, Renounce Religion


You were on level 4 of the Dungeon.
You worshipped Lugonu.
Lugonu was most pleased with you.
You were not hungry.

You visited 1 branch of the dungeon, and saw 4 of its levels.
You visited the Abyss 1 time.

You collected 229 gold pieces.

Inventory:

Hand Weapons
 a - a +1 hand axe (weapon)
Armour
 d - a +1 chain mail of magic resistance (worn)
Jewellery
 e - an amulet of guardian spirit (around neck)
Wands
 m - a wand of disintegration (5)
Scrolls
 f - 4 scrolls of identify
 g - a scroll of remove curse
 h - a scroll of amnesia
Potions
 i - a potion of flight
Comestibles
 c - 2 rations


   Skills:
 - Level 6.2 Fighting
 - Level 1.7 Axes
 + Level 3.6 Armour
 - Level 0.8 Dodging
 - Level 2.4 Invocations


You had 5 spell levels left.
You didn't know any spells.
Your spell library was empty.

Dungeon Overview and Level Annotations

Branches:
Dungeon (4/15)
 Temple: D:4-7

Altars:


Innate Abilities, Weirdness & Mutations

You have sharp toenails.
You are mostly covered in large bone plates. (SH +6)
A weak demonic guardian rushes to your aid.


Message History

The gnoll hits you from afar with a halberd!
* * * LOW HITPOINT WARNING * * *
The gnoll hits you but does no damage. The gnoll closely misses you.
Unknown command.
You closely miss the gnoll. You claw the gnoll.
The gnoll is almost dead.
You hit the gnoll. You block the gnoll's attack. x2
The gnoll hits you but does no damage.
Unknown command.
You hit the gnoll.
You kill the gnoll!
Lugonu accepts your kill.
You hit the gnoll.
The gnoll hits you from afar with a halberd!
* * * LOW HITPOINT WARNING * * *
The gnoll hits you with a halberd!
* * * LOW HITPOINT WARNING * * *
Okay, then.
The gnoll hits you from afar with a halberd!
You die...

. #.....#..........#.......#.....
..#.....#..........#.......#.....
.g#.....#..........#.......#.....
..'.....'.....g..g.'.......#.....
###.##.##...##....###....###.....
.##.##.##...#########....#.....##
...g.g..g....#....gg.....#.....#
......g......'..5.#......#.....#
.............#..@.#......#.....#
##############+###########.....##
.....................
.....................
.....................
.....................
.....................
........###'###+#####
........#.....#......


You could see 2 gnolls and a friendly shadow imp.

Vanquished Creatures
  An ogre (D:3)
  An orc wizard (D:3)
  Ijyb (D:3)
  Natasha (D:3)
  Robin (D:3)
  6 adders (D:2)
  3 gnolls
  2 oozes
  An adder zombie (D:1)
  A dart slug (D:1)
  A leopard gecko (D:1)
  8 orcs (D:3)
  2 giant cockroaches (D:1)
  15 goblins
  10 hobgoblins
  7 jackals
  2 ball pythons
  A ball python zombie (D:1)
  10 bats
  6 frilled lizards
  7 kobolds
  A leopard gecko skeleton (D:4)
  11 rats
99 creatures vanquished.

Vanquished Creatures (collateral kills)
  A gnoll (D:3)
  A hobgoblin (D:3)
  A kobold (D:3)
  A bat (D:3)
4 creatures vanquished.

Grand Total: 103 creatures vanquished

Notes
Turn   | Place    | Note
-------+----------+-------------------------------------------
     0 | Abyss:1  | tyranidshit the Demonspawn Abyssal Knight began the quest for the Orb.
     0 | Abyss:1  | Reached XP level 1. HP: 18/18 MP: 2/2
    26 | Abyss:1  | Found a corrupted altar of Lugonu.
    81 | Abyss:1  | Noticed a tentacled starspawn
    81 | Abyss:1  | Noticed a large abomination
    82 | D:1      | Escaped the Abyss
   518 | D:1      | Reached * piety under Lugonu
   518 | D:1      | Gained mutation: You are partially covered in large bone plates. (SH +4) [demonic ancestry]
   518 | D:1      | Reached XP level 2. HP: 23/24 MP: 3/3
   787 | D:1      | Reached skill level 4 in Fighting
   890 | D:1      | Reached XP level 3. HP: 29/30 MP: 2/4
  1551 | D:2      | Reached ** piety under Lugonu
  1766 | D:2      | Reached skill level 5 in Fighting
  1766 | D:2      | Gained mutation: You are mostly covered in large bone plates. (SH +6) [demonic ancestry]
  1766 | D:2      | Reached XP level 4. HP: 36/39 MP: 5/5
  2381 | D:3      | Gained mutation: A weak demonic guardian rushes to your aid. [demonic ancestry]
  2381 | D:3      | Reached XP level 5. HP: 40/46 MP: 4/6
  2383 | D:3      | Noticed Robin
  2398 | D:3      | Killed Robin
  2400 | D:3      | Reached *** piety under Lugonu
  2420 | D:3      | Reached skill level 6 in Fighting
  2523 | D:3      | Noticed Ijyb
  2562 | D:3      | Killed Ijyb
  2682 | D:3      | Noticed Natasha
  2696 | D:3      | Killed Natasha
  2696 | D:3      | Gained mutation: You have sharp toenails. [demonic ancestry]
  2696 | D:3      | Reached XP level 6. HP: 52/52 MP: 7/7
  3094 | D:4      | HP: 2/52 [gnoll/halberd (8)]
  3095 | D:4      | Slain by a gnoll

Skill      XL: |  1  2  3  4  5 |
---------------+----------------+-----
Fighting       | 4 5 6 |  6.2
Armour         | 3 |  3.6
Axes           | |  1.7
Dodging        | |  0.8
Invocations    | |  2.4

Action                   |  1- 3 |  4- 6 || total
-------------------------+-------+-------++-------
Melee: Hand axe          |   179 |   174 ||   353
       Kick              |       |     5 ||     5
Invok: Depart the Abyss  |     1 |       ||     1
  Use: Scroll            |     2 |     2 ||     4
       Potion            |     4 |     3 ||     7
  Eat: Chunk             |     2 |       ||     2
       Ration            |     1 |     1 ||     2
Armor: Leather armour    |    20 |       ||    20
       Chain mail        |    95 |   122 ||   217
Dodge: Dodged            |    76 |    76 ||   152
Block: Other             |    39 |    70 ||   109
